Map: Cerulean Fall LE

Players

Yocto

  • Race: Zerg Zerg
  • Spawn Location: 7:00

Renny - Winner!

  • Race: Zerg Zerg
  • League: Platinum
  • Spawn Location: 1:00

VOD

Have the link to the VOD?

Description

Time

  • Played on: Dec. 18, 2018, 11:02 a.m.
  • Length: 24:19
Show
View Real Time Build Order
Export as new Build Order

Yocto Zerg 

Build Orders: Hatch First 

Get SALT Encoding   

  12  0:02  Drone  
  13  0:13  Overlord  
  13  0:23  Drone  
  14  0:35  Drone x2  
  16  0:37  Drone  
  17  0:55  Hatchery  
  16  0:58  Drone  
  16  1:01  Drone  
  18  1:05  Extractor  
  17  1:18  Spawning Pool  
  17  1:22  Drone  
  17  1:25  Drone  
  18  1:32  Drone  
  19  1:45  Drone  
  20  1:54  Overlord  
  20  2:09  Queen  
  20  2:11  Queen  
  20  2:15  Drone x3  
  27  2:19  Metabolic Boost  
  27  2:23  Drone  
  27  2:26  Drone  
  29  2:35  Zergling x4  
  31  2:43  Drone  
  32  2:46  Extractor  
  32  2:49  Lair  
  31  2:52  Queen  
  33  3:14  Drone x2  
  33  3:15  Drone  
  33  3:16  Overlord  
  33  3:17  Overlord  
  35  3:43  Drone  
  35  3:44  Drone x6  
  42  3:50  Spine Crawler  
  42  3:52  Baneling Nest  
  40  4:07  Evolution Chamber  
  39  4:14  Spire  
  38  4:18  Drone x6  
  38  4:19  Drone x2  
  38  4:23  Spine Crawler  
  45  4:27  Spine Crawler  
  45  4:31  Spine Crawler  
  43  4:40  Drone x4  
  43  4:41  Extractor x2  
  45  4:51  Overlord x2  
  45  4:59  Zergling x10  
  50  5:14  Overlord x3  
  50  5:17  Drone x5  
  55  5:28  Baneling x4  
  55  5:31  Drone  
  56  5:39  Drone  
  57  5:44  Mutalisk x4  
  57  5:45  Mutalisk  
  67  6:07  Mutalisk x3  
  73  6:23  Hatchery  
  72  6:31  Drone x7  
  72  6:32  Drone x2  
  81  7:02  Overlord x4  
  81  7:03  Overlord x3  
  81  7:19  Mutalisk  
  81  7:20  Mutalisk x2  
  87  7:25  Mutalisk x2  
  87  7:29  Zerg Flyer Weapons Level 1  
  91  7:32  Zerg Melee Weapons Level 1  
  91  7:35  Queen  
  93  7:38  Drone x3  
  96  8:02  Extractor  
  96  8:03  Extractor  
  94  8:13  Mutalisk x2  
  94  8:14  Mutalisk x4  
  102  8:23  Zergling x8  
  102  8:24  Zergling x14  
  102  8:25  Zergling x2  
  114  8:37  Drone x3  
  114  8:40  Drone x4  
  121  8:47  Mutalisk x3  
  116  9:03  Mutalisk x2  
  116  9:07  Zergling x10  
  116  9:08  Zergling x12  
  120  9:16  Zergling x4  
  120  9:24  Zergling x2  
  120  9:25  Zergling x2  
  111  9:34  Zergling x4  
  109  9:40  Zergling x4  
  109  9:41  Zergling x6  
  92  9:52  Zergling x4  
  91  9:53  Zergling x2  
  91  9:57  Zergling x4  
  91  9:58  Queen  
  94  10:05  Zergling x2  
  91  10:22  Drone x5  
  91  10:23  Drone  
  91  10:27  Spire  
  94  10:41  Zergling x12  
  94  10:42  Zergling x4  
  102  10:51  Hatchery  
  102  10:52  Centrifical Hooks  
  101  10:58  Overlord x3  
  101  11:07  Baneling x2  
  101  11:08  Baneling x7  
  101  11:23  Baneling x3  
  88  12:10  Mutalisk  
  88  12:11  Mutalisk x14  
  107  12:25  Zergling x6  
  107  12:26  Zergling x2  
  111  12:37  Zergling x6  
  111  12:38  Zergling x6  
  117  12:44  Zerg Flyer Armor Level 1  
  117  12:52  Corruptor x3  
  117  12:53  Overlord  
  123  12:59  Queen  
  123  13:02  Extractor  
  123  13:03  Extractor  
  123  13:29  Corruptor  
  123  13:30  Corruptor x4  
  133  13:39  Zergling x4  
  133  13:40  Zergling x16  
  133  13:41  Zergling x14  
  138  13:56  Mutalisk x2  
  138  13:59  Zergling x8  
  138  14:00  Zergling x2  
  147  14:05  Overseer x3  
  148  14:10  Drone x6  
  153  14:30  Zergling x2  
  153  14:31  Zergling x12  
  160  14:39  Corruptor x4  
  160  14:40  Corruptor  
  132  15:03  Zergling x14  
  132  15:04  Zergling x10  
  113  15:40  Zergling x4  
  113  15:41  Zergling x14  
  113  15:42  Zergling x8  
  126  15:51  Zergling x4  
  127  16:08  Baneling x4  
  127  16:09  Baneling x4  
  127  16:10  Baneling x4, Corruptor x4  
  127  16:11  Corruptor x3  
  141  16:20  Infestation Pit  
  140  16:39  Spine Crawler  
  137  16:40  Spine Crawler  
  137  16:46  Zerg Flyer Weapons Level 2  
  136  16:56  Drone x5  
  136  16:57  Drone x7  
  136  16:58  Drone x4  
  152  17:10  Zerg Ground Armor Level 1  
  152  17:16  Spine Crawler  
  152  17:17  Spine Crawler, Drone  
  152  17:19  Drone  
  152  17:21  Drone  
  152  17:22  Drone  
  154  17:23  Drone  
  155  17:35  Hive  
  155  17:41  Drone x3  
  155  17:43  Overlord x3  
  158  17:50  Spire  
  157  18:15  Overseer  
  157  18:31  Extractor, Drone x3  
  159  19:16  Hatchery  
  158  19:20  Extractor  
  157  19:47  Greater Spire  
  157  19:50  Zerg Flyer Armor Level 2  
  157  19:52  Overlord x3, Extractor  
  157  19:55  Corruptor x6  
  157  19:56  Corruptor  
  157  19:57  Corruptor x2  
  174  20:25  Drone x2  
  174  20:28  Drone x3  
  150  20:43  Zergling x10  
  150  20:44  Zergling x30  
  150  20:45  Zergling x26  
  183  21:00  Spine Crawler  
  183  21:02  Spine Crawler  
  181  21:08  Pneumatized Carapace  
  181  21:22  Brood Lord x3  
  181  21:23  Brood Lord  
  181  21:24  Brood Lord  
  191  21:28  Corruptor x4  
  199  21:33  Extractor, Hatchery  
  199  21:37  Extractor  
  119  22:36  Corruptor x5  
  119  22:37  Corruptor x19  
  111  22:39  Corruptor  
  141  22:50  Zergling x12  
  145  22:51  Zergling x2  
  146  23:19  Drone x3  
  150  23:20  Drone  
  137  23:49  Zergling x22  
  137  23:50  Zergling x10  
  137  23:51  Zergling x2  
  137  23:54  Zergling x2  
Show
View Real Time Build Order
Export as new Build Order

Renny Zerg - Winner!

Build Orders: Hatch First 

Get SALT Encoding   

  12  0:01  Drone  
  13  0:12  Overlord  
  13  0:17  Drone  
  14  0:30  Extractor  
  14  0:31  Drone  
  14  0:32  Drone  
  16  0:41  Drone  
  17  0:56  Hatchery  
  16  0:58  Drone  
  16  1:01  Drone  
  18  1:14  Extractor  
  18  1:17  Spawning Pool  
  16  1:21  Drone  
  16  1:24  Drone  
  18  1:31  Overlord  
  18  1:40  Drone  
  19  1:51  Drone  
  20  2:05  Queen  
  22  2:09  Queen, Extractor, Zergling x2  
  22  2:10  Drone  
  25  2:25  Zergling x4, Metabolic Boost  
  25  2:27  Drone  
  28  2:32  Drone  
  28  2:35  Drone  
  30  2:51  Queen  
  30  2:52  Queen  
  30  2:57  Overlord  
  34  3:01  Overlord  
  34  3:05  Drone  
  35  3:07  Drone  
  36  3:17  Drone  
  36  3:18  Drone x3  
  40  3:21  Drone  
  40  3:23  Drone  
  42  3:33  Zergling x2  
  45  3:34  Zergling x4  
  45  3:35  Drone  
  45  3:38  Drone  
  47  4:03  Drone  
  47  4:04  Drone x4  
  47  4:05  Baneling Nest  
  47  4:09  Drone  
  52  4:11  Overlord  
  52  4:15  Overlord  
  52  4:17  Overlord  
  52  4:31  Queen  
  52  4:33  Lair  
  52  4:38  Evolution Chamber x2  
  52  4:40  Drone  
  52  4:41  Extractor, Drone x3  
  52  4:44  Drone x2  
  57  4:47  Zergling x2  
  57  4:48  Zergling x8  
  57  4:51  Baneling  
  57  4:52  Baneling x2  
  62  4:53  Baneling  
  62  5:14  Drone x2  
  62  5:17  Zerg Ground Armor Level 1, Zerg Melee Weapons Level 1  
  62  5:18  Extractor  
  63  5:33  Hatchery, Zergling x2  
  63  5:34  Zergling x14  
  70  5:45  Drone  
  70  5:47  Spire  
  70  6:04  Overlord  
  70  6:06  Overlord  
  70  6:07  Overlord  
  70  6:11  Drone  
  70  6:12  Drone  
  72  6:29  Drone  
  72  6:30  Drone x6  
  79  6:43  Overlord  
  79  6:45  Overlord x3  
  79  6:48  Overseer x2  
  79  6:50  Pneumatized Carapace  
  79  7:08  Drone x2  
  79  7:12  Zerg Flyer Weapons Level 1  
  79  7:13  Mutalisk x6  
  93  7:17  Zerg Melee Weapons Level 2  
  93  7:24  Baneling  
  93  7:25  Baneling x4  
  93  7:32  Overseer  
  93  7:33  Zergling x2  
  93  7:34  Zergling x16  
  102  7:52  Overseer  
  102  7:54  Hatchery, Overseer  
  102  7:57  Mutalisk x3  
  107  8:12  Infestation Pit  
  106  8:14  Drone  
  106  8:15  Drone x2  
  106  8:19  Extractor  
  107  8:20  Extractor  
  107  8:23  Mutalisk x2  
  107  8:26  Zergling x16  
  118  8:29  Baneling x3  
  118  8:44  Drone  
  119  8:48  Hatchery  
  89  9:14  Queen x2  
  89  9:15  Queen x2  
  91  9:18  Spore Crawler x2  
  87  9:24  Spore Crawler x2  
  87  9:25  Spore Crawler  
  74  9:47  Zergling x2  
  74  9:50  Corruptor  
  74  9:51  Corruptor x8  
  72  10:19  Zergling x20  
  72  10:20  Zergling x26  
  92  10:47  Drone x5  
  97  11:11  Spore Crawler  
  90  11:18  Corruptor  
  90  11:19  Corruptor x5  
  90  11:22  Overlord x4  
  102  11:39  Baneling  
  102  11:40  Baneling x8  
  102  11:52  Overlord  
  102  11:53  Overlord x2  
  102  11:58  Centrifical Hooks  
  97  12:40  Drone x10  
  97  12:41  Drone x6  
  113  12:45  Extractor x2  
  111  12:53  Zergling x2  
  111  12:54  Zergling x18  
  111  12:56  Hatchery  
  120  13:04  Corruptor  
  122  13:31  Baneling x10  
  120  13:38  Spore Crawler x2  
  120  13:39  Drone x3  
  119  13:51  Corruptor  
  119  13:52  Corruptor x3  
  119  13:55  Overlord x3  
  127  14:04  Hive  
  127  14:24  Drone x2  
  127  14:26  Drone x13  
  127  14:27  Drone x2  
  117  15:04  Spore Crawler, Drone x2  
  117  15:06  Extractor  
  117  15:08  Extractor  
  117  15:09  Spine Crawler  
  117  15:11  Spine Crawler  
  117  15:12  Drone  
  117  15:13  Zergling x2  
  117  15:14  Zergling x38  
  118  15:18  Corruptor x2  
  112  15:33  Corruptor x3  
  112  15:34  Corruptor  
  114  15:55  Baneling x6  
  113  16:12  Zergling x2  
  113  16:13  Zergling x36  
  132  16:37  Baneling x4  
  132  16:38  Overseer  
  131  16:46  Queen x4  
  131  16:47  Queen  
  137  16:49  Baneling x9  
  137  16:50  Corruptor  
  137  16:51  Corruptor x3  
  137  16:52  Overlord  
  137  16:53  Overlord x2  
  149  16:56  Zerg Flyer Weapons Level 2  
  149  17:36  Hatchery  
  148  17:45  Hatchery  
  148  17:47  Corruptor  
  148  17:48  Corruptor x6  
  161  17:54  Hatchery  
  160  18:28  Corruptor  
  160  18:29  Corruptor  
  164  18:34  Overlord x4  
  164  18:35  Overlord  
  164  19:12  Corruptor x8  
  164  19:13  Corruptor x8  
  164  19:16  Baneling x5  
  196  19:17  Baneling x3  
  196  19:40  Drone x3  
  199  19:47  Zerg Ground Armor Level 2  
  199  20:41  Viper x2  
  199  20:42  Viper x2  
  190  20:47  Corruptor x5  
  200  20:55  Overseer x2  
  200  21:33  Extractor  
  200  21:36  Extractor  
  198  22:06  Spore Crawler x2  
  191  22:18  Unknown  
  191  22:19  Unknown  
  172  22:26  Zergling x12  
  172  22:27  Zergling x54  
  199  22:50  Baneling x12  
  199  22:51  Baneling x9  
  184  22:59  Greater Spire  
  184  23:03  Drone x2  
  184  23:04  Drone  
Tags
 
League
Platinum
Matchup
ZvZ
Race
Zerg
Replay Pack
Yocto
Spawn Locations
Cross Positions
Add a new tag
Caveats
  • Supply blocks, unpowered buildings, or Contaminate may cause inaccurate times.
  • Supply counts are checked every 10 seconds.